Kradschützen Motorcycle Team
Selects Armored Support Battlegroup
Construct Light Support Kompanie
Selects Superior Fire Drills
Panzerjäger Mechanized Group
Construct Panzerarmee Kommand
Pak 38 Anti-tank Gun Team
Selects Flammpanzer III Medium Tank
Flammpanzer III Medium Tank
Flammpanzer III Medium Tank
Selects Stuka Anti-tank Loiter
Selects Command Panzer IV F Medium Tank
Walking Stuka Rocket Launcher
Pak 38 Anti-tank Gun Team
Command Panzer IV F Medium Tank